 Dungeon Crawl Stone Soup version 0.30.0-19-g36f170ea60 (webtiles) character file.

Game seed: 2874948323427038314

10550 suipiss the Covert (level 11, -7/49 (78) HPs)
             Began as a Demonspawn Reaver on May 30, 2023.
             Was an Elder of Kikubaaqudgha.
             Mangled by a freezing wraith (10 damage)
             ... on level 12 of the Dungeon.
             The game lasted 00:39:57 (13472 turns).

suipiss the Covert (Demonspawn Reaver)             Turns: 13472, Time: 00:39:58

HP:   -7/49 (78)    AC:  8    Str: 12    XL:     11   Next: 37%
MP:   8/16          EV: 14    Int: 20    God:    Kikubaaqudgha [****..]
Gold: 702           SH:  4    Dex: 15    Spells: 4/17 levels left

rFire   . . .        v - +1 short sword (drain)
rCold   . . .        (no shield)
rNeg    . . .        p - +1 robe {Will+}
rPois   .            B - +2 helmet
rElec   .            q - +0 cloak
rCorr   .            (no gloves)
SInv    .            s - +0 pair of boots
Will    +....        (no amulet)
Stlth   ++++++       (no ring)
HPRegen 0.28/turn    (no ring)
MPRegen 0.15/turn

%: no passive effects
@: very slightly contaminated, slowed, very heavily drained, very slow
A: thin skeletal structure 2, spiny 1, condensation shield, demonic touch 2
a: Renounce Religion, Unearth Wretches


You were on level 12 of the Dungeon.
You worshipped Kikubaaqudgha.
Kikubaaqudgha was greatly pleased with you.
You visited 2 branches of the dungeon, and saw 13 of its levels.

You collected 798 gold pieces.
You spent 96 gold pieces at shops.

Inventory:

Hand Weapons
 a - a +0 falchion
 d - a +0 dagger
 h - a +0 double sword
 v - a +1 short sword of draining (weapon)
 w - a +2 rapier of venom
Armour
 b - a +0 leather armour
 p - a +1 robe of willpower (worn)
 q - a +0 cloak (worn)
 s - a +0 pair of boots (worn)
 A - a +0 buckler
 B - a +2 helmet (worn)
Jewellery
 i - a ring of ice
Scrolls
 c - a scroll of fear
 e - a scroll of amnesia
 j - 2 scrolls of magic mapping
 k - 3 scrolls of silence
 l - 2 scrolls of identify
 n - 6 scrolls of teleportation
 o - a scroll of blinking
 r - a scroll of poison
Potions
 f - 2 potions of mutation
 g - 5 potions of flight
 m - 4 potions of curing
 D - 2 potions of cancellation


   Skills:
 + Level 4.8 Fighting
 * Level 8.0(8.4) Short Blades
 - Level 3.7(6.3) Long Blades
 + Level 2.9 Armour
 + Level 5.1 Dodging
 * Level 10.3 Stealth
 + Level 0.5 Unarmed Combat
 + Level 3.9 Spellcasting
 + Level 3.5 Conjurations
 * Level 6.8 Necromancy
 + Level 0.6 Translocations
 + Level 3.5 Evocations


You had 4 spell levels left.
You knew the following spells:

 Your Spells              Type           Power      Damage    Failure   Level
a - Kiss of Death         Conj/Necr      96%        2d12      1%          1
b - Necrotise             Necr           100%       1d9       1%          1
c - Momentum Strike       Conj/Tloc      24%        3d8       9%          2
d - Cigotuvi's Dreadful   Necr/Pois/Air  26%        N/A       8%          2
e - Stone Arrow           Conj/Erth      22%        3d8       19%         3
f - Dispel Undead         Necr           31%        3d14      8%          4

Your spell library contained the following spells:

 Spells                   Type           Power      Damage    Failure   Level
 Sublimation of Blood     Necr           31%        N/A       1%          2
 Animate Dead             Necr           31%        N/A       8%          4
 Apportation              Tloc           12%        N/A       10%         1
 Sandblast                Erth           6%         2d5       13%         1
 Summon Small Mammal      Summ           12%        N/A       13%         1
 Lesser Beckoning         Tloc           12%        N/A       16%         2
 Dazzling Flash           Conj/Hex       22%        N/A       19%         3
 Hailstorm                Conj/Ice       11%        3d5       19%         3
 Passwall                 Tmut/Erth      2%         N/A       21%         2
 Poisonous Vapours        Pois/Air       6%         N/A       21%         2
 Mephitic Cloud           Conj/Pois/Air  8%         N/A       24%         3
 Gell's Gravitas          Tloc           6%         N/A       30%         3
 Teleport Other           Tloc           6%         N/A       30%         3
 Anguish                  Hex/Necr       8%         N/A       30%         4
 Volatile Blastmotes      Fire/Tloc      10%        2d10      34%         3
 Ignite Poison            Fire/Tmut/Pois 3%         N/A       36%         3
 Inner Flame              Hex/Fire       3%         N/A       36%         3
 Ozocubu's Armour         Ice            3%         N/A       36%         3
 Iskenderun's Mystic Bla  Conj/Tloc      12%        2d5       47%         4
 Flame Wave               Conj/Fire      11%        2d6       52%         4
 Sticky Flame             Conj/Fire      11%        2d3       52%         4
 Borgnjor's Vile Clutch   Necr/Erth      8%         N/A       65%         5
 Death Channel            Necr           15%        N/A       75%         6
 Freezing Cloud           Conj/Ice/Air   4%         6-21      92%         5
 Starburst                Conj/Fire      5%         6d4       100%        6
 Ozocubu's Refrigeration  Ice            1%         4d7       100%        7
 Ignition                 Fire           1%         3d3       100%        8


Dungeon Overview and Level Annotations

Branches:
Dungeon (12/15)            Temple (1/1) D:4             Orc (0/2) D:10
   Lair: D:8-11

Altars:
Ashenzari
Cheibriados
Dithmenos
Fedhas
Gozag
Hepliaklqana
Kikubaaqudgha
Makhleb
Nemelex Xobeh
Okawaru
Qazlal
Ru
Sif Muna
Trog
Uskayaw
Vehumet
Wu Jian
Xom
Yredelemnul

Shops:
D:10 *

Annotations:
D:10 3 runed translucent doors, Diggabert's ghost, journeyman DECj; cheesebisquit's ghost, journeyman MiBe; middlethird's ghost, journeyman VSAE; xSliceyx's ghost, journeyman DjHW
D:12 1 runed translucent door, Lodul; Nessos


Innate Abilities, Weirdness & Mutations

You have a moderately thin skeletal structure. (Dex +4, Stealth++)
You are partially covered in sharp spines.
A meltable shield of frost defends you. (SH +4)
Your touch may inflict irresistible damage on your foes.


Message History

Unknown command.
Casting: Kiss of Death (safe; 1% risk of failure)
Confirm with . or Enter, or press ? or * to list all spells.
Aiming: Kiss of Death (safe; 1% risk of failure)
Press: ? - help, Shift-Dir - straight line, f/p - manticore
Aim: a manticore (severely wounded, lightly drained, 100% to hit)
The negative energy hits the manticore.
The manticore is drained!
The manticore is almost dead.
You feel drained. The manticore is struck by your spines.
You kill the manticore!
Kikubaaqudgha accepts your kill.
Your Short Blades skill increases to level 8!
Unknown command.
A freezing wraith is nearby!
The freezing wraith closely misses you. The freezing wraith hits you!
The freezing wraith drains your vigour!
You feel yourself slow down.
Casting: Kiss of Death (safe; 1% risk of failure)
Confirm with . or Enter, or press ? or * to list all spells.
Aiming: Dispel Undead (dangerous; 8% risk of failure)
Press: ? - help, Shift-Dir - straight line, f - freezing wraith
Aim: a freezing wraith (100% to hit)
The freezing wraith is dispelled.
The freezing wraith closely misses you. The freezing wraith barely misses you.
Unknown command.
Casting: Dispel Undead (dangerous; 8% risk of failure)
Confirm with . or Enter, or press ? or * to list all spells.
Aiming: Dispel Undead (dangerous; 8% risk of failure)
Press: ? - help, Shift-Dir - straight line, f/p - freezing wraith
Aim: a freezing wraith (lightly damaged, 100% to hit)
You miscast Dispel Undead.
You are very lightly contaminated with residual magic.
Nothing appears to happen.
The freezing wraith hits you! The freezing wraith freezes you!
* * * LOW HITPOINT WARNING * * *
The freezing wraith hits you!
* * * LOW HITPOINT WARNING * * *
The freezing wraith hits you but does no damage.
The freezing wraith hits you!
You die...
Kikubaaqudgha rasps: "You have failed me!
Welcome... death!"

#. #.. #..#..
#..#.. #. ....##
#. ....# #.(# #.
#..# #..# #.
########### ...#
#. #.......@.#
#..# #.
#.###.###W# #..#
#. # #.#C###.#)#
#..# #.
#..###.##e$)##.#
.# #..# #.
#....#.)#! (#..#
.# #..###.
#....#.##))!##.#
.# #......
#<...#.#.###Q#.#
.# #.####. #.##
#.###.#+#.# .#
#.# #. ..
#.....#W..##.#
#.# #.


You could see a freezing wraith.

Vanquished Creatures
  An ogre mage (D:12)
  2 two-headed ogres
  Pikel (D:4)
  A deep elf pyromancer (D:12)
  A manticore (D:12)
  An unseen horror (D:11)
  2 trolls
  2 hornets
  Grinder (D:4)
  A slime creature (D:12)
  12 yaks
  4 wyverns
  2 vampire mosquitoes (D:11)
  A steam dragon (D:6)
  A water moccasin (D:9)
  A sky beast (D:7)
  3 orc warriors
  2 black bears (D:6)
  6 ogres
  A centaur (D:9)
  2 lemures (D:4)
  A phantom (D:5)
  Blork the orc (D:6)
  3 kobold brigands
  A gnoll sergeant (D:9)
  4 bullfrogs
  2 scorpions
  6 killer bees
  2 howler monkeys
  Crazy Yiuf (D:4)
  2 hounds
  2 jellies
  2 orc priests
  3 sleepcaps
  5 iguanas
  10 orc wizards
  16 gnolls
  9 adders
  A shadow imp (D:4)
  An ufetubus (D:5)
  2 worms
  10 dart slugs
  35 orcs
  5 bats
  5 endoplasms
  5 giant cockroaches
  7 goblins
  2 hobgoblins
  21 jackals
  17 kobolds
  5 quokkas
  14 ball pythons
  5 frilled lizards
  5 rats
258 creatures vanquished.

Notes
Turn   | Place    | Note
-------+----------+-------------------------------------------
     0 | D:1      | suipiss the Demonspawn Reaver began the quest for the Orb.
     0 | D:1      | Reached XP level 1. HP: 16/16 MP: 3/3
   145 | D:1      | Gained mutation: Your touch may inflict minor irresistible
                  | damage on your foes. [demonic ancestry]
   145 | D:1      | Reached XP level 2. HP: 9/19 MP: 5/5
   354 | D:1      | Learned a level 1 spell: Necrotise
   542 | D:1      | Learned a level 2 spell: Momentum Strike
   665 | D:1      | Gained mutation: A meltable shield of frost defends you.
                  | (SH +4) [demonic ancestry]
   665 | D:1      | Reached XP level 3. HP: 24/27 MP: 6/6
  1558 | D:2      | Gained mutation: You have a somewhat thin skeletal
                  | structure. (Dex +2, Stealth+) [demonic ancestry]
  1558 | D:2      | Reached XP level 4. HP: 26/34 MP: 7/7
  2125 | D:3      | Gained mutation: You have a moderately thin skeletal
                  | structure. (Dex +4, Stealth++) [demonic ancestry]
  2125 | D:3      | Reached XP level 5. HP: 24/35 MP: 7/9
  2648 | D:3      | Found an opulent altar of Gozag.
  2762 | D:3      | Reached skill level 1 in Stealth
  3096 | D:4      | Noticed a lemure
  3099 | D:4      | Noticed Pikel
  3699 | D:4      | Found a staircase to the Ecumenical Temple.
  3704 | D:4      | Reached skill level 1 in Armour
  3717 | Temple   | Entered the Ecumenical Temple
  3805 | Temple   | Became a worshipper of Kikubaaqudgha
  3901 | D:4      | Reached skill level 1 in Short Blades
  3901 | D:4      | Reached skill level 2 in Stealth
  3924 | D:4      | Noticed Grinder
  3940 | D:4      | Killed Grinder
  3941 | D:4      | Reached skill level 3 in Stealth
  3941 | D:4      | Reached skill level 1 in Necromancy
  3941 | D:4      | Reached XP level 6. HP: 15/46 MP: 10/10
  4150 | D:4      | Gained mutation: You are partially covered in sharp spines.
                  | [demonic ancestry]
  4150 | D:4      | Reached XP level 7. HP: 50/51 MP: 11/11
  4206 | D:4      | Found a hide-covered altar of Uskayaw.
  4651 | D:4      | Killed Pikel
  4652 | D:4      | Reached skill level 4 in Stealth
  4652 | D:4      | Reached XP level 8. HP: 33/58 MP: 12/12
  4837 | D:4      | Found a runed translucent door.
  4838 | D:4      | Noticed Crazy Yiuf
  4910 | D:4      | Killed Crazy Yiuf
  4944 | D:5      | Entered Level 5 of the Dungeon
  5034 | D:5      | Reached skill level 5 in Stealth
  5252 | D:5      | Found an iron altar of Okawaru.
  5425 | D:5      | Found a bloodstained altar of Trog.
  5435 | D:5      | Reached * piety under Kikubaaqudgha
  5435 | D:5      | Received a gift from Kikubaaqudgha
  5439 | D:5      | Learned a level 2 spell: Cigotuvi's Dreadful Rot
  5997 | D:5      | Reached skill level 6 in Stealth
  6262 | D:6      | Found a shimmering altar of Xom.
  6290 | D:6      | Found a stormy altar of Qazlal.
  6294 | D:6      | Noticed an air elemental
  6350 | D:6      | Found a radiant altar of Vehumet.
  6699 | D:6      | Noticed Blork the orc
  6706 | D:6      | Killed Blork the orc
  6707 | D:6      | Reached skill level 1 in Evocations
  6707 | D:6      | Gained mutation: Your touch may inflict irresistible damage
                  | on your foes. [demonic ancestry]
  6707 | D:6      | Reached XP level 9. HP: 64/64 MP: 14/14
  6718 | D:6      | Reached skill level 7 in Stealth
  7240 | D:7      | Found a snail-covered altar of Cheibriados.
  7595 | D:7      | Reached ** piety under Kikubaaqudgha
  8002 | D:8      | Reached skill level 5 in Necromancy
  8120 | D:8      | Reached skill level 5 in Short Blades
  8120 | D:8      | Reached skill level 8 in Stealth
  8200 | D:8      | Identified the +1 robe of Fedhas's Reproof {*Corrode Regen+
                  | Dex+8 Slay-6}
  8553 | D:9      | Found a blossoming altar of Fedhas.
  8946 | D:9      | Reached XP level 10. HP: 64/70 MP: 15/15
  9045 | D:9      | Found a basalt altar of Yredelemnul.
  9070 | D:9      | Reached *** piety under Kikubaaqudgha
  9070 | D:9      | Received a gift from Kikubaaqudgha
  9310 | D:9      | Found a burning altar of Makhleb.
  9310 | D:9      | Found a shadowy altar of Dithmenos.
  9592 | D:9      | Reached skill level 9 in Stealth
  9832 | D:10     | Entered Level 10 of the Dungeon
  9837 | D:10     | Learned a level 3 spell: Stone Arrow
  9848 | D:10     | Found Esmash's General Store.
  9851 | D:10     | Bought a scroll of identify for 24 gold pieces
  9851 | D:10     | Bought 2 potions of curing for 72 gold pieces
  9913 | D:10     | Noticed a two-headed ogre
  9942 | D:10     | Killed a two-headed ogre
 10108 | D:10     | Learned a level 4 spell: Dispel Undead
 10685 | D:10     | Found a staircase to the Orcish Mines.
 11205 | D:10     | Found a runed translucent gate.
 11206 | D:10     | Found a runed translucent gate.
 11206 | D:10     | Found a runed translucent gate.
 11207 | D:10     | Noticed Diggabert's ghost (journeyman DECj)
 11208 | D:10     | Noticed cheesebisquit's ghost (journeyman MiBe)
 11208 | D:10     | Noticed xSliceyx's ghost (journeyman DjHW)
 11208 | D:10     | Noticed middlethird's ghost (journeyman VSAE)
 11549 | D:10     | Found a hazy altar of Hepliaklqana.
 12002 | D:11     | Noticed a cyclops
 12002 | D:11     | Noticed a two-headed ogre
 12020 | D:12     | Paralysed by a hornet for 3 turns
 12023 | D:12     | Reached XP level 11. HP: 31/78 MP: 16/16
 12382 | D:12     | Noticed a deep elf pyromancer
 12390 | D:12     | Killed a deep elf pyromancer
 12763 | D:11     | Noticed a two-headed ogre
 12768 | D:11     | Killed a two-headed ogre
 12769 | D:11     | Reached skill level 10 in Stealth
 12781 | D:11     | Reached **** piety under Kikubaaqudgha
 13051 | D:12     | Noticed Nessos
 13197 | D:12     | Noticed Lodul
 13197 | D:12     | Noticed a centaur warrior
 13206 | D:12     | Noticed a two-headed ogre
 13352 | D:12     | Found a runed translucent door.
 13352 | D:12     | Noticed a deep elf annihilator
 13353 | D:12     | Noticed an ettin
 13354 | D:12     | Noticed an ogre mage
 13355 | D:12     | Noticed a tengu reaver
 13364 | D:12     | Killed an ogre mage
 13365 | D:12     | Reached skill level 5 in Dodging
 13472 | D:12     | Mangled by a freezing wraith

Illustrated notes

Levels and vault maps discovered:
D:1:      saegor_arrival_simple_d, layout_loops_ring,
          nicolae_kite_square_tiling_tiny, nrook_uturn
D:2:      layout_loops_corners, serial_forest, infiniplex_forest_3_way,
          infiniplex_forest_clump_cross, infiniplex_forest_pool,
          infiniplex_forest_fountain
D:3:      layout_basic, mainiacjoe_overflow_small_starburst
D:4:      layout_basic, mainiacjoe_overflow_swirl, minmay_temple_entry_tees,
          uniq_pikel, uniq_crazy_yiuf_cottage, uniq_grinder
D:5:      kennysheep_slugbush, layout_basic, bloody_trog, okawaru_trees_1,
          grunt_decor_clamped, corexii_checkpoint_b, serial_bayou_crossing
D:6:      layout_rooms, nicolae_qazlal_style_of_elements,
          nicolae_vehumet_radiance, mainiacjoe_overflow_chevrons,
          uniq_blork_the_orc
D:7:      layout_basic, lemuel_doored_altar
D:8:      layout_gridville, minmay_misc_feat_columns
D:9:      layout_basic, yredelemnul_altar_generic,
          gammafunk_temple_overflow_elements, old_standard_altar,
          minmay_circle_x
D:10:     layout_irregular_city, mainiacjoe_overflow_paths,
          nicolae_hepliaklqana_hippocampus,
          kennysheep_orc_monster_closet_entryway, serial_shops,
          nicolae_shop_tiny_real_fake_doors, gammafunk_ghost_cemetery
D:11:     layout_cave_pools, erik_lair_orcish_takeover, uniq_josephine
D:12:     layout_long_grid, minmay_hidden_floor, uniq_nessos, uniq_lodul,
          uniq_psyche
Temple:   nicolae_temple_little_seven

Skill      XL: |  1  2  3  4  5  6  7  8  9 10 11 |
---------------+----------------------------------+-----
Long Blades    | 3 |  3.7
Dodging        | 2 3 4 5 |  5.1
Spellcasting   | 3 |  3.9
Stealth        | 3 4 6 8 9 10 | 10.3
Armour         | 1 2 |  2.9
Short Blades   | 1 2 3 5 7 8 |  8.0
Necromancy     | 1 2 3 5 6 |  6.8
Fighting       | 3 4 |  4.8
Evocations     | 1 2 3 |  3.5
Unarmed Combat | |  0.5
Conjurations   | |  3.5
Translocations | |  0.6

Action                     |  1- 3 |  4- 6 |  7- 9 | 10-12 || total
---------------------------+-------+-------+-------+-------++-------
  Melee: Falchion          |   140 |    35 |       |       ||   175
         Touch             |    24 |    13 |    50 |    36 ||   123
         Punch             |     2 |       |     4 |     3 ||     9
         Dagger            |       |    44 |   106 |       ||   150
         Rapier            |       |       |   140 |   129 ||   269
         Short sword       |       |       |       |    31 ||    31
   Cast: Kiss of Death     |     2 |     3 |     2 |     4 ||    11
         Necrotise         |     7 |     3 |     4 |       ||    14
         Momentum Strike   |       |     1 |     2 |       ||     3
         Cigotuvi's Dreadf |       |       |     1 |       ||     1
         Dispel Undead     |       |       |       |     3 ||     3
  Evoke: Wand              |       |     3 |    29 |     2 ||    34
    Use: Scroll            |     3 |     3 |    14 |     4 ||    24
         Potion            |       |     2 |     6 |     3 ||    11
   Stab: Sleeping          |       |    13 |    23 |     9 ||    45
         Invisible         |       |     2 |     2 |       ||     4
         Distracted        |       |       |     2 |     1 ||     3
 Armour: Leather armour    |    43 |     8 |       |       ||    51
         Robe              |       |       |    38 |    39 ||    77
  Dodge: Dodged            |   129 |    23 |   116 |    91 ||   359
  Block: Other             |    13 |     8 |    26 |    26 ||    73
